 Dungeon Crawl Stone Soup version 0.19-a0-255-ge2f8e15 (webtiles) character file.

219 Steelers13 the Slasher (level 5, -4/47 HPs)
             Began as a Minotaur Berserker on May 24, 2016.
             Was a Priest of Trog.
             Slain by Guenter's ghost (15 damage)
             ... on level 4 of the Dungeon.
             The game lasted 00:16:58 (2635 turns).

Steelers13 the Slasher (Minotaur Berserker)         Turns: 2635, Time: 00:16:59

Health: -4/47      AC:  7    Str: 23    XL:     5   Next: 63%
Magic:  4/4        EV: 12    Int:  4    God:    Trog [***...]
Gold:   158        SH:  0    Dex:  9    Spells: 0 memorised, 4 levels left

rFire  . . .     SeeInvis .     w - +0 short sword
rCold  . . .     Gourm    .     p - +0 ring mail
rNeg   . . .     Faith    .     (no shield)
rPois  .         Spirit   .     (helmet restricted)
rElec  .         Dismiss  .     (no cloak)
rCorr  +         Reflect  .     (no gloves)
SustAt +         Harm     .     h - +0 pair of boots
MR     .....                    (no amulet)
Stlth  ..........               m - ring of resist corrosion
                                g - ring of sustain attributes

@: not resistant to hostile enchantments, extremely unstealthy
A: retaliatory headbutt, horns 2
a: Berserk, Trog's Hand, Burn Spellbooks, Renounce Religion


You were on level 4 of the Dungeon.
You worshipped Trog.
Trog was most pleased with you.
You were not hungry.

You visited 1 branch of the dungeon, and saw 4 of its levels.

You collected 158 gold pieces.

Inventory:

Hand Weapons
 a - a +0 falchion
 w - a +0 short sword (weapon)
Armour
 b - a +0 animal skin
 d - a +0 ring mail
 h - a +0 pair of boots (worn)
 i - a +0 leather armour
 p - a +0 ring mail (worn)
 B - a +0 ring mail
Jewellery
 g - a ring of sustain attributes (left hand)
 m - a ring of resist corrosion (right hand)
 v - a cursed ring of teleportation {unknown}
 y - an uncursed ring of flight {unknown}
Wands
 u - a wand of disintegration (14/24)
Scrolls
 j - 2 scrolls of enchant armour {unknown}
 k - 2 scrolls of remove curse {unknown}
 l - 3 scrolls of identify {unknown}
 q - 2 scrolls of magic mapping {unknown}
Potions
 e - 3 potions of curing {unknown}
 n - a potion of heal wounds {unknown}
 r - 2 potions of might {unknown}
 s - a potion of mutation {unknown}
 t - a potion of magic {unknown}
 x - a potion of flight {unknown}
 z - a potion of ambrosia {unknown}
Comestibles
 c - 3 bread rations
 f - 4 meat rations
 o - 7 fruits
 A - 2 chunks of flesh


   Skills:
 + Level 4.7 Fighting
 + Level 5.1 Long Blades
 + Level 4.1 Armour
 + Level 3.8 Dodging
 + Level 0.1 Stealth


You had 4 spell levels left.
You didn't know any spells.

Dungeon Overview and Level Annotations

Branches:
Dungeon (4/15)
 Temple: D:4-7

Altars:
Elyvilon
Makhleb

Annotations:
D:4 Guenter's ghost, amateur FoFi


Innate Abilities, Weirdness & Mutations

You reflexively headbutt those who attack you in melee.
You have a pair of horns on your head.


Message History

You hit Guenter's ghost.
Guenter's ghost is heavily damaged.
Guenter's ghost misses you.
You completely miss Guenter's ghost. Your headbutt misses Guenter's ghost.
Guenter's ghost is heavily damaged.
Guenter's ghost hits you.
* * * LOW HITPOINT WARNING * * *
You hit Guenter's ghost. Your headbutt misses Guenter's ghost.
Guenter's ghost is heavily damaged.
Guenter's ghost barely misses you. You furiously retaliate!
You headbutt Guenter's ghost.
You hit Guenter's ghost but do no damage.
You headbutt Guenter's ghost.
Guenter's ghost is severely damaged.
Guenter's ghost misses you.
You barely miss Guenter's ghost.
You headbutt Guenter's ghost, but do no damage.
Guenter's ghost is severely damaged.
Guenter's ghost hits you!
You die...

###### .....#####
.. .........# .#
####.###.#######
#.# #.##.........
..#
#.#.#.########..#
#..###.## ##...##
####.##
##.####..<..##
#...##
##<.(.@W.$..#
##.##.#
#..........##
...# #.#
#..#####.......
#..# #.#.##
#..###( #..# #.#
#.# ...# ### .#
#..# # ..## #.#


You could see Guenter's ghost.

Vanquished Creatures
  An iguana (D:4)
  Ijyb (D:2)
  6 adders
  A gnoll (D:1)
  A river rat (D:3)
  An ooze (D:1)
  An adder skeleton (D:4)
  2 worms (D:3)
  4 dart slugs
  6 giant geckos
  An orc (D:3)
  3 giant cockroaches (D:3)
  3 goblins
  8 hobgoblins
  7 jackals
  4 quokkas
  A ball python (D:1)
  7 bats
  2 giant newts
  4 kobolds
  6 rats
70 creatures vanquished.

Notes
Turn   | Place    | Note
--------------------------------------------------------------
     0 | D:1      | Steelers13 the Minotaur Berserker began the quest for the Orb.
     0 | D:1      | Reached XP level 1. HP: 19/19 MP: 0/0
    33 | D:1      | Reached skill level 4 in Long Blades
    36 | D:1      | Reached XP level 2. HP: 19/27 MP: 1/1
   236 | D:1      | Reached XP level 3. HP: 26/33 MP: 2/2
   286 | D:1      | Reached ** piety under Trog
   821 | D:2      | Found a white marble altar of Elyvilon.
   917 | D:2      | Noticed Ijyb
   937 | D:2      | Killed Ijyb
   937 | D:2      | Reached XP level 4. HP: 11/41 MP: 3/3
  1040 | D:2      | Reached skill level 5 in Long Blades
  1514 | D:3      | Found a burning altar of Makhleb.
  1542 | D:3      | Reached XP level 5. HP: 35/47 MP: 4/4
  2099 | D:3      | Reached *** piety under Trog
  2620 | D:4      | Noticed Guenter's ghost (amateur FoFi)
  2635 | D:4      | Slain by Guenter's ghost

Vault maps used:
D:1:      dpeg_arrival_long_road, minmay_strange_pillars
D:2:      elyvilon_altar_3, uniq_iyjb
D:3:      old_standard_altar, gup_sewer_entry_spiral, serial_bayou_crossing
D:4:      kiku_gazebo_pond_becter, first_bread, minmay_surrounded

Skill      XL: |  1  2  3  4  5 |
---------------+----------------+-----
Long Blades    | 4 5 |  5.1
Fighting       | 4 |  4.7
Armour         | 3 4 |  4.1
Dodging        | 3 |  3.8
Stealth        | |  0.1

Action                   |  1- 3 |  4- 6 || total
-------------------------+-------+-------++-------
Melee: Falchion          |    73 |    30 ||   103
       Headbutt          |    10 |    14 ||    24
       Short sword       |       |    63 ||    63
  Eat: Chunk             |       |     6 ||     6
Armor: Animal skin       |     6 |       ||     6
       Leather armour    |    25 |     1 ||    26
       Ring mail         |       |    31 ||    31
Dodge: Dodged            |    56 |    66 ||   122
